 Dungeon Crawl Stone Soup version 0.31-a0-145-g046c7d2549 (webtiles) character file.

Game seed: 75534216468568243

471 Faragor the Magician (level 6, -3/32 HPs)
             Began as a Deep Elf Ice Elementalist on June 6, 2023.
             Was an Initiate of Sif Muna.
             Slain by Sigmund
             ... wielding a +2 scythe of protection
              (10 damage)
             ... on level 4 of the Dungeon.
             The game lasted 00:23:43 (7179 turns).

Faragor the Magician (Deep Elf Ice Elementalist)    Turns: 7179, Time: 00:23:44

Health: -3/32      AC:  9    Str:  5    XL:     6   Next: 83%
Magic:  13/17      EV: 13    Int: 22    God:    Sif Muna [......]
Gold:   224        SH:  0    Dex: 15    Spells: 11/18 levels left

rFire   + . .        t - +2 halberd (venom)
rCold   + . .        (shield currently unavailable)
rNeg    . . .        a - +0 robe
rPois   .            x - +0 hat "Astow" {Regen+}
rElec   .            v - scarf {rC+ rF+}
rCorr   .            (no gloves)
SInv    .            (no boots)
Will    +....        C - amulet of regeneration
Stlth   +++          h - ring of willpower
HPRegen 1.85/turn    (no ring)
MPRegen 0.15/turn

%: no passive effects
@: ice-armoured
A: no striking features
a: Renounce Religion


You were on level 4 of the Dungeon.
You worshipped Sif Muna.
Sif Muna was noncommittal.
You visited 1 branch of the dungeon, and saw 4 of its levels.

You collected 224 gold pieces.

Inventory:

Hand Weapons
 j - a +0 war axe
 q - a +0 club
 t - a +2 halberd of venom (weapon)
 w - a +0 dagger of draining
 B - a +1 dagger of flaming
Armour
 a - a +0 robe (worn)
 r - a +0 animal skin
 s - a +0 helmet
 v - a scarf of resistance (worn)
 x - the +0 hat "Astow" (worn) {Regen+}
   (You found it on level 3 of the Dungeon)

   Regen:     It increases your rate of health regeneration.
Magical Staves
 i - a staff of fire
 n - a staff of earth
Jewellery
 h - a ring of willpower (left hand)
 C - an amulet of regeneration (around neck)
Wands
 g - a wand of iceblast (5)
 y - a wand of flame (10)
 z - a wand of light (9)
Scrolls
 d - a scroll of blinking {unknown}
 f - a scroll of amnesia
 k - a scroll of magic mapping
 l - 2 scrolls of brand weapon {unknown}
 o - a scroll of silence {unknown}
 p - a scroll of identify
 D - a scroll of immolation {unknown}
Potions
 b - a potion of magic
 c - 2 potions of mutation {unknown}
 e - a potion of attraction
 m - a potion of brilliance {unknown}
 A - a potion of might {unknown}


   Skills:
 - Level 3.0 Dodging
 + Level 4.9 Stealth
 * Level 6.5 Spellcasting
 + Level 2.8 Necromancy
 + Level 5.7 Ice Magic


You had 11 spell levels left.
You knew the following spells:

 Your Spells              Type           Power      Damage    Failure   Level
a - Freeze                Ice            100%       1d10      1%          1
b - Frozen Ramparts       Ice            64%        1d10      2%          3
c - Ozocubu's Armour      Ice            32%        N/A       2%          3

Your spell library contained the following spells:

 Spells                   Type           Power      Damage    Failure   Level
 Necrotise                Necr           76%        1d7       2%          1
 Kiss of Death            Conj/Necr      52%        2d9       4%          1
 Magic Dart               Conj           28%        1d4       9%          1
 Vampiric Draining        Necr           19%        2d7       9%          3
 Animate Dead             Necr           19%        N/A       26%         4
 Summon Ice Beast         Ice/Summ       19%        N/A       26%         4


Dungeon Overview and Level Annotations

Branches:
Dungeon (4/15)
 Temple: D:4-7

Altars:
Gozag
Kikubaaqudgha
Sif Muna
Uskayaw
Vehumet
Zin

Shops:
D:3 !

Annotations:
D:4 Sigmund


Message History

Aiming: Freeze (safe; 1% risk of failure)
Press: ? - help, Shift-Dir - straight line, f/p - adder
Aim: an adder (severely wounded, slow)
You freeze the adder!
You kill the adder!
Sif Muna accepts your kill. Something hits you!
You start resting.
Something barely misses you.
You start resting.
Something hits you!
You start resting.
Something hits you!
You start resting.
Something hits you!
* * * LOW HITPOINT WARNING * * *
There is a strange disturbance nearby!
Casting: Freeze (safe; 1% risk of failure)
Confirm with . or Enter, or press ? or * to list all spells.
Okay, then.
You feel better. Something hits you.
Casting: Freeze (safe; 1% risk of failure)
Confirm with . or Enter, or press ? or * to list all spells.
Okay, then.
Aiming: Bolt of Light
Press: ? - help, Shift-Dir - straight line
Okay, then.
Casting: Freeze (safe; 1% risk of failure)
Confirm with . or Enter, or press ? or * to list all spells.
A film of ice covers your body! Something hits you!
Casting: Ozocubu's Armour (dangerous; 2% risk of failure)
Confirm with . or Enter, or press ? or * to list all spells.
Okay, then.
Reach: t) +2 halberd (venom)
Press: ? - help, Dir - move target You slash something!
Something hits you!
* * * LOW HITPOINT WARNING * * *
Unknown command.
Reach: t) +2 halberd (venom)
Press: ? - help, Dir - move target You closely miss something.
Something hits you!
You die...

#.....#..........###
#.....##.....^...#
########.........#
#.........#
...........+
###.........#######
#................
.......{....###
.......@....#
............#
............#
............#
............#
########....# ....#
..... ....#.


There were no monsters in sight!

Vanquished Creatures
  Edmund (D:4)
  A hound (D:4)
  5 orc wizards (D:3)
  Robin (D:3)
  7 gnolls
  3 adders
  An ufetubus (D:4)
  3 worms
  3 dart slugs
  An orc (D:4)
  7 endoplasms
  A giant cockroach (D:1)
  9 hobgoblins
  9 kobolds
  4 quokkas
  7 ball pythons
  8 bats
  2 frilled lizards (D:2)
  12 goblins
  2 rats (D:3)
87 creatures vanquished.

Notes
Turn   | Place    | Note
-------+----------+-------------------------------------------
     0 | D:1      | Faragor the Deep Elf Ice Elementalist began the quest for
                  | the Orb.
     0 | D:1      | Reached XP level 1. HP: 10/10 MP: 6/6
   759 | D:1      | Reached XP level 2. HP: 15/15 MP: 5/8
  1982 | D:2      | Reached XP level 3. HP: 7/19 MP: 1/10
  2334 | D:2      | Found a faded altar of an unknown god.
  2919 | D:2      | Reached skill level 4 in Spellcasting
  3114 | D:2      | Learned a level 3 spell: Frozen Ramparts
  3118 | D:2      | Learned a level 3 spell: Ozocubu's Armour
  3122 | D:2      | Reached skill level 5 in Ice Magic
  3122 | D:2      | Reached XP level 4. HP: 24/24 MP: 4/12
  3735 | D:2      | Prayed at the altar of an unknown god.
  3735 | D:2      | Became a worshipper of Kikubaaqudgha
  3735 | D:2      | Reached * piety under Kikubaaqudgha
  3735 | D:2      | Received a gift from Kikubaaqudgha
  3793 | D:3      | Found Wisutude's Distillery.
  3819 | D:3      | Noticed Robin
  3840 | D:3      | Killed Robin
  5309 | D:3      | Found a shimmering blue altar of Sif Muna.
  5313 | D:3      | Reached ** piety under Kikubaaqudgha
  5314 | D:3      | Reached skill level 1 in Necromancy
  5314 | D:3      | Reached XP level 5. HP: 24/28 MP: 10/14
  5319 | D:3      | Fell from the grace of Kikubaaqudgha
  5319 | D:3      | Became a worshipper of Sif Muna the Loreminder
  5341 | D:3      | Found an ancient bone altar of Kikubaaqudgha.
  5348 | D:3      | Reached skill level 5 in Spellcasting
  5355 | D:3      | Found a radiant altar of Vehumet.
  5417 | D:3      | Got Vehumet's Discursus on Force
  5664 | D:3      | Identified the +0 hat "Astow" {Regen+}
  5766 | D:3      | Found a glowing silver altar of Zin.
  5766 | D:3      | Found an opulent altar of Gozag.
  5838 | D:3      | Reached XP level 6. HP: 32/32 MP: 4/16
  6170 | D:4      | Noticed Edmund
  6288 | D:4      | Killed Edmund
  6289 | D:4      | Reached skill level 6 in Spellcasting
  7130 | D:4      | Found a hide-covered altar of Uskayaw.
  7131 | D:4      | Noticed Sigmund
  7179 | D:4      | Slain by Sigmund

Illustrated notes

Levels and vault maps discovered:
D:1:      lightli_arrival_isolated_outpost, layout_basic, st_stairs_7,
          minmay_liquid_box
D:2:      layout_basic, hellmonk_ecumenical_altar_lost_god, minmay_between
D:3:      layout_basic, grunt_temple_overflow_gold_and_silver,
          palyth_temple_overflow_mages, serial_shops,
          nicolae_shop_gibbet_a_chance, chequers_avenue,
          corexii_item_surrounded_by_moat, uniq_robin
D:4:      layout_basic, lemuel_tele_altar,
          hellmonk_okawaru_the_only_friend_you_need, xom_confusion_cloud,
          gammafunk_ghost_arena, feat_on_display, uniq_sigmund, uniq_edmund

Skill      XL: |  1  2  3  4  5  6 |
---------------+-------------------+-----
Stealth        | 3 4 |  4.9
Dodging        | 3 |  3.0
Spellcasting   | 4 5 6 |  6.5
Ice Magic      | 5 |  5.7
Necromancy     | 1 2 |  2.8

Action                     |  1- 3 |  4- 6 || total
---------------------------+-------+-------++-------
  Melee: Unarmed           |     1 |       ||     1
         Staff             |     1 |     1 ||     2
         Halberd           |       |    13 ||    13
   Cast: Freeze            |    59 |    52 ||   111
         Frozen Ramparts   |     1 |    12 ||    13
         Ozocubu's Armour  |     1 |     8 ||     9
  Evoke: Wand              |       |     3 ||     3
    Use: Potion            |     4 |     1 ||     5
         Scroll            |     4 |       ||     4
   Stab: Sleeping          |       |     2 ||     2
 Armour: Robe              |     6 |     9 ||    15
  Dodge: Dodged            |    25 |    52 ||    77

Table legend: (Time is in decaauts)
 A = Elapsed time spent in this place.
 B = Non-inter-level travel time spent in this place.
 C = Inter-level travel time spent in this place.
 D = Time resting spent in this place.
 E = Time spent auto-exploring this place.
 F = Levels seen in this place.
 G = Mean time per level.
                   A        B        C        D        E       F      G
               +--------+--------+--------+--------+--------+-----+--------+
         Total |   7189 |   7037 |    152 |   4279 |   1994 |   4 | 1797.2 |
       Dungeon |   7189 |   7037 |    152 |   4279 |   1994 |   4 | 1797.2 |
               +--------+--------+--------+--------+--------+-----+--------+

Top non-repeatable levels by time:
     D:3: 2402 daAuts
     D:1: 1918 daAuts
     D:2: 1849 daAuts
     D:4: 1018 daAuts
